 Dungeon Crawl Stone Soup version 0.22-a0-352-gc608dd7 (webtiles) character file.

5896 vishdafish the Spear-Bearer (level 10, -2/73 HPs)
             Began as an Octopode Berserker on Apr 14, 2018.
             Was a High Priest of Trog.
             Shot with an arrow by a centaur (4 damage)
             ... on level 10 of the Dungeon.
             The game lasted 00:16:32 (9764 turns).

vishdafish the Spear-Bearer (Octopode Berserker)    Turns: 9764, Time: 00:16:35

Health: -2/73      AC:  1    Str: 16    XL:     10   Next: 82%
Magic:  6/6        EV: 16    Int: 13    God:    Trog [*****.]
Gold:   402        SH:  0    Dex: 12    Spells: 9/9 levels left

rFire    . . .     SeeInvis .   s - +2 trident (antimagic)
rCold    . . .     Gourm    .   (no shield)
rNeg     . . .     Faith    +   (helmet restricted)
rPois    .         Spirit   .   o - amulet of faith
rElec    .         Reflect  .   (no ring)
rCorr    +         Harm     .   f - ring of magical power
MR       .....                  x - ring of resist corrosion
Stlth    ++++......             (no ring)
HPRegen  0.22/turn              (no ring)
MPRegen  0.10/turn              (no ring)
                                (no ring)
                                (no ring)

@: no status effects
A: almost no armour, stealthy swim, amphibious, 8 rings, constrict 8, camouflage
1, sense surroundings 1, gelatinous body 1, evolution 1
a: Berserk, Trog's Hand, Brothers in Arms, Renounce Religion


You were on level 10 of the Dungeon.
You worshipped Trog.
Trog was extremely pleased with you.
You were not hungry.

You visited 1 branch of the dungeon, and saw 10 of its levels.
You also visited: Sewer.

You collected 402 gold pieces.

Inventory:

Hand Weapons
 n - a +0 trident
 s - a +2 antimagic trident (weapon)
 H - a +0 blowgun
Missiles
 y - 2 needles of sleeping
Armour
 t - a +0 large shield
Magical Staves
 B - an uncursed staff of fire
Jewellery
 f - a ring of magical power (right tentacle)
 g - an uncursed ring of ice
 o - an amulet of faith (around mantle)
 w - an uncursed amulet of harm
 x - a ring of resist corrosion (on tentacle)
 z - an uncursed ring of ice
Wands
 a - a wand of iceblast (1)
 p - a wand of digging (8)
 v - a wand of flame (1)
Scrolls
 c - a scroll of fear {unknown}
 e - 3 scrolls of random uselessness
 h - 3 scrolls of teleportation {unknown}
 j - 4 scrolls of blinking
 m - a scroll of enchant weapon {unknown}
 q - 5 scrolls of enchant armour
 A - a scroll of holy word {unknown}
 D - a scroll of remove curse
 F - 2 scrolls of magic mapping {unknown}
Potions
 d - 2 potions of magic
 i - 3 potions of curing
 k - a potion of heal wounds
 l - 2 potions of cancellation
 r - a potion of might
 C - 2 potions of lignification {unknown}
Miscellaneous
 u - a crystal ball of energy
Comestibles
 b - 9 rations


   Skills:
 + Level 8.7 Fighting
 + Level 9.2 Polearms
 - Level 6.0 Dodging
 - Level 5.0 Stealth
 * Level 8.5 Shields


You had 9 spell levels left.
You didn't know any spells.

Dungeon Overview and Level Annotations

Branches:
Dungeon (10/15)            Temple (0/1) D:6            Lair (0/6) D:8
    Orc: D:9-12

Altars:
Ashenzari
Cheibriados
Dithmenos
Makhleb
Nemelex Xobeh
Qazlal
Vehumet
Xom
Yredelemnul
The Shining One


Innate Abilities, Weirdness & Mutations

You cannot wear most types of armour.
You are very stealthy in the water. (Stealth+)
You are amphibious.
You can wear up to eight rings at the same time.
You can use your tentacles to constrict eight enemies at once.
Your skin changes colour to match your surroundings (Stealth+).
Your rubbery body absorbs attacks. (AC +1, EV +1)
You passively map a small area around you.
You evolve.


Message History

You kill the kobold!
Trog accepts your kill.
The centaur wields a runed shortbow.
It bursts into flame!
The centaur shoots an arrow.
The arrow hits you! The arrow burns you.
The centaur shoots an arrow.
The arrow hits you! The arrow burns you.
The centaur shoots an arrow.
The arrow hits you! The arrow burns you.
You see here 2 arrows.
You are too injured to fight recklessly!
You recover from your berserk rage.
The centaur shoots an arrow.
The arrow closely misses you.
Things that are here:
a blowgun; 11 poisoned needles The centaur shoots an arrow.
The arrow hits you!
* * * LOW HITPOINT WARNING * * *
The arrow burns you.
* * * LOW HITPOINT WARNING * * *
The centaur shoots an arrow.
The arrow hits you!
* * * LOW HITPOINT WARNING * * *
The arrow burns you.
You die...

* #..........#.
.########....>)....'.
..#...............##
* #..............%.##
...##.##.†####### *
##..#%% #.......###
,#####...#≈≈
#.........# ,
.....c..#%
#.......#.# ,
,#.@#####.......#,##
#..)§(§.$.(....#,,#
##..(....(.....#*,#
......#...(.......# .
...####...........# #
... #...........# #
,,.. #...........# #
. #...........# *
####.########


You could see a centaur.

Vanquished Creatures
  A two-headed ogre (D:9)
  The ghost of Anon1729 the Firebug, a novice DsFE of Vehumet (D:5)
  2 trolls (D:9)
  A merfolk (D:10)
  Prince Ribbit (D:8)
  A human (D:10)
  Menkaure (D:4)
  A necrophage (D:10)
  An ice beast (D:5)
  2 phantoms
  2 orc warriors
  4 ogres
  A sky beast (D:5)
  An eye of draining (D:9)
  2 centaurs
  2 crocodiles
  10 bullfrogs
  Blork the orc (D:5)
  A big kobold (D:9)
  A scorpion (D:8)
  6 killer bees (D:7)
  2 howler monkeys (D:9)
  3 crimson imps
  3 centaur zombies
  3 jellies
  A quasit (D:7)
  2 bullfrog skeletons (D:9)
  2 gnoll shamans
  4 hounds
  6 orc wizards
  9 iguanas
  A worker ant (D:4)
  2 killer bee zombies
  2 hound skeletons
  9 gnolls
  A howler monkey skeleton (D:5)
  6 adders
  A shadow imp (D:5)
  An ooze (D:1)
  3 dart slugs
  6 leopard geckos
  23 orcs
  7 bats
  7 giant cockroaches
  A goblin (D:1)
  6 hobgoblins
  6 jackals
  4 quokkas
  4 frilled lizards
  17 kobolds
  2 leopard gecko zombies
  7 rats
194 creatures vanquished.

Vanquished Creatures (others)
  An orc wizard (D:5)
1 creature vanquished.

Grand Total: 195 creatures vanquished

Notes
Turn   | Place    | Note
-------+----------+-------------------------------------------
     0 | D:1      | vishdafish the Octopode Berserker began the quest for the Orb.
     0 | D:1      | Reached XP level 1. HP: 16/16 MP: 1/1
   151 | D:1      | Reached XP level 2. HP: 21/21 MP: 2/2
   541 | D:1      | Reached XP level 3. HP: 22/26 MP: 3/3
   952 | D:2      | Found a shimmering altar of Xom.
   952 | D:2      | Found a shadowy altar of Dithmenos.
   996 | D:2      | Found a sparkling altar of Nemelex Xobeh.
  1043 | D:2      | Reached skill level 1 in Stealth
  1420 | D:2      | Reached ** piety under Trog
  1420 | D:2      | Reached XP level 4. HP: 32/32 MP: 4/4
  1683 | D:2      | Found a glowing golden altar of the Shining One.
  1975 | D:3      | Found a snail-covered altar of Cheibriados.
  2779 | D:4      | Noticed an ogre
  2786 | D:4      | Killed an ogre
  2786 | D:4      | Reached skill level 4 in Polearms
  2786 | D:4      | Reached XP level 5. HP: 37/37 MP: 5/5
  2832 | D:4      | Noticed a phantom
  2847 | D:4      | Killed a phantom
  2847 | D:4      | Reached XP level 6. HP: 43/43 MP: 6/6
  3028 | D:4      | Found a glowing drain.
  3067 | D:4      | Reached skill level 5 in Polearms
  3096 | Sewer    | Entered a sewer
  3102 | Sewer    | Reached *** piety under Trog
  3215 | Sewer    | Reached skill level 5 in Stealth
  3215 | Sewer    | Reached XP level 7. HP: 49/49 MP: 7/7
  3393 | D:4      | Noticed Menkaure
  3399 | D:4      | Killed Menkaure
  4209 | D:4      | Gained mutation: You passively map a small area around you. [potion of mutation]
  4209 | D:4      | Gained mutation: You evolve. [potion of mutation]
  4233 | D:5      | Entered Level 5 of the Dungeon
  4233 | D:5      | Noticed Anon1729's ghost (novice DsFE)
  4253 | D:5      | Killed Anon1729's ghost
  4253 | D:5      | Reached skill level 5 in Fighting
  4253 | D:5      | Reached skill level 6 in Polearms
  4253 | D:5      | Reached skill level 5 in Dodging
  4253 | D:5      | Reached XP level 8. HP: 35/56 MP: 8/8
  5039 | D:5      | Reached skill level 1 in Shields
  5243 | D:5      | Noticed Blork the orc
  5251 | D:5      | Killed Blork the orc
  5251 | D:5      | Reached skill level 7 in Polearms
  5394 | D:5      | Reached **** piety under Trog
  5398 | D:5      | Reached XP level 9. HP: 63/63 MP: 9/9
  5569 | D:5      | Found a burning altar of Makhleb.
  5569 | D:5      | Found a radiant altar of Vehumet.
  6132 | D:6      | Found a staircase to the Ecumenical Temple.
  6212 | D:6      | You fall through a shaft for 3 floors!
  6341 | D:8      | Noticed Prince Ribbit
  6505 | D:7      | Found a shattered altar of Ashenzari.
  6875 | D:7      | Reached skill level 5 in Shields
  6957 | D:7      | Reached ***** piety under Trog
  7416 | D:7      | Reached skill level 8 in Polearms
  7430 | D:7      | Received a gift from Trog
  7584 | D:7      | Found a stormy altar of Qazlal.
  8015 | D:8      | Found a staircase to the Lair.
  8035 | D:8      | Reached XP level 10. HP: 71/71 MP: 10/10
  8264 | D:8      | Killed Prince Ribbit
  8711 | D:9      | Noticed a two-headed ogre
  8983 | D:9      | Killed a two-headed ogre
  9206 | D:9      | Reached skill level 9 in Polearms
  9291 | D:9      | Found a basalt altar of Yredelemnul.
  9594 | D:10     | Entered Level 10 of the Dungeon
  9665 | D:10     | Found a burning altar of Makhleb.
  9764 | D:10     | HP: 2/73 [centaur/arrow (11)]
  9764 | D:10     | Shot with an arrow by a centaur

Vault maps used:
D:1:      minmay_arrival_nine_rooms
D:2:      tso_oasis_becter, nemelex_xobeh_ov_fountains_minmay,
          grunt_temple_overflow_open, hex_large, minmay_three_crescents
D:3:      kennysheep_slug_shrine, kennysheep_cross_room
D:4:      kennysheep_big_flooded_room, gup_sewer_entry_glass, first_ration,
          hangedman_decor_clover_reticule, serial_park_tiny_pond, uniq_menkaure
D:5:      grunt_temple_overflow_lords_of_destruction, minmay_crystal_water,
          minmay_misc_feat_tower, kennysheep_generic_room_16, uniq_blork_the_orc
D:6:      temple_fountains
D:7:      lemuel_round_altar, evilmike_ruin_ashenzari
D:8:      dpeg_oklobed_lair, uniq_prince_ribbit1
D:9:      lemuel_round_altar
D:10:     basic_altar, hangedman_stone_soup
Sewer:    sewer_the_crocodile

Skill      XL: |  1  2  3  4  5  6  7  8  9 10 |
---------------+-------------------------------+-----
Stealth        | 1 3 4 5 |  5.0
Polearms       | 4 5 6 7 8 9 |  9.2
Fighting       | 4 5 6 7 8 |  8.7
Dodging        | 4 5 6 |  6.0
Shields        | 2 6 8 |  8.5

Action                   |  1- 3 |  4- 6 |  7- 9 | 10-12 || total
-------------------------+-------+-------+-------+-------++-------
Melee: Spear             |    75 |    19 |       |       ||    94
       Constrict         |    13 |    16 |    39 |    22 ||    90
       Tentacles         |     9 |    19 |    50 |    27 ||   105
       Trident           |       |    92 |   279 |   120 ||   491
Invok: Berserk           |     2 |     5 |    17 |     7 ||    31
Evoke: Wand              |       |       |     1 |       ||     1
  Use: Scroll            |       |     1 |     7 |     3 ||    11
       Potion            |       |       |     6 |       ||     6
 Stab: Sleeping          |     7 |     9 |    15 |     8 ||    39
       Distracted        |       |       |       |     1 ||     1
  Eat: Chunk             |     1 |     8 |    14 |     5 ||    28
       Ration            |     1 |       |     5 |     2 ||     8
Armor: Skin              |     6 |     3 |     9 |     3 ||    21
Dodge: Dodged            |    37 |    52 |   157 |    58 ||   304

Table legend:
 A = Spawn XP
 B = Non-spawn XP
 C = Spawn XP percentage of total XP
 D = Spawn monster count
 E = Non-spawn monster count
 F = Spawn count percentage of total count
 G = Total turns spent on level
                    A         B        C        D         E        F      G
               +---------+---------+-------+---------+---------+-------+---------
         Total |       0 |    8423 |   0.0 |       0 |     194 |   0.0 |  9764
               +---------+---------+-------+---------+---------+-------+---------
           D:1 |       0 |      38 |   0.0 |       0 |      17 |   0.0 |   951
           D:2 |       0 |      61 |   0.0 |       0 |      13 |   0.0 |   793
           D:3 |       0 |      30 |   0.0 |       0 |      14 |   0.0 |  1001
           D:4 |       0 |     640 |   0.0 |       0 |      24 |   0.0 |  1356
           D:5 |       0 |    1637 |   0.0 |       0 |      29 |   0.0 |  1344
           D:6 |       0 |     270 |   0.0 |       0 |      15 |   0.0 |   619
           D:7 |       0 |    1409 |   0.0 |       0 |      28 |   0.0 |  1410
           D:8 |       0 |    1023 |   0.0 |       0 |      15 |   0.0 |   993
           D:9 |       0 |    2285 |   0.0 |       0 |      26 |   0.0 |   902
          D:10 |       0 |     914 |   0.0 |       0 |       7 |   0.0 |   170
         Sewer |       0 |     116 |   0.0 |       0 |       6 |   0.0 |   225
               +---------+---------+-------+---------+---------+-------+---------
